 Dungeon Crawl Stone Soup version 0.30-a0-629-gd54f4be4f7 (webtiles) character file.

Game seed: 2607266760068962699

186645 Shayle the Cruncher (level 17, -11/149 HPs)
             Began as a Demonspawn Reaver on Jan 5, 2023.
             Was a Priest of Ashenzari.
             Killed from afar by an ironbound thunderhulk (14 damage)
             ... with a bolt of lightning
             ... on level 1 of the Vaults on Jan 12, 2023.
             The game lasted 02:43:59 (40838 turns).

Shayle the Cruncher (Demonspawn Reaver)            Turns: 40838, Time: 02:44:00

Health: -11/149    AC: 20    Str: 14    XL:     17   Next: 43%
Magic:  31/31      EV: 15    Int: 25    God:    Ashenzari [***...]
Gold:   2375       SH:  0    Dex: 12    Spells: 11/36 levels left

rFire   + . .      SeeInvis +    s - +9 lajatang (spect)
rCold   + . .      Faith    .    (shield currently unavailable)
rNeg    . . .      Spirit   .    f - +3 leather armour {rC+}
rPois   +          Reflect  .    J - +2 helmet "Share My Fortune-Teller" {Comp, Evo} (curse)
rElec   +          Harm     .    D - +2 cloak "Repose of Ashenzari" {Self, Elem} (curse)
rCorr   .          Rampage  .    v - +2 pair of gloves of Ashenzari's Insecurity {Bglg, Elem} (curse)
Will    +....      Clarity  +    (boots unavailable)
Stlth   +                        (no amulet)
HPRegen 0.44/turn                m - ring of the Ruined Welkin {rF+, Elem, Alch} (curse)
MPRegen 0.22/turn                y - ring of Temptation {rElec rPois Int+4}

@: no status effects
A: hooves 3, rugged brown scales 3, foul stench 2, demonic magic 2
}: 1/15 runes: barnacled
a: Renounce Religion, Curse Item, Shatter the Chains


You were on level 1 of the Vaults.
You worshipped Ashenzari.
Ashenzari was most pleased with you.
You visited 6 branches of the dungeon, and saw 28 of its levels.
You also visited: Bailey and Volcano.

You collected 3283 gold pieces.
You spent 908 gold pieces at shops.

Inventory:

Hand Weapons
 r - the +8 short sword "Nuf Anubeq" {protect, Int+3}
   (You took it off an orc wizard on level 5 of the Dungeon)

   Int:       It affects your intelligence (+3).
 s - a +9 spectral lajatang (weapon)
Missiles
 A - 6 curare-tipped darts (quivered)
Armour
 f - a +3 leather armour of cold resistance (worn)
 i - the +1 cloak of the Onion {*Slow Fly rN+++ Str+4}
   (You bought it in a shop on level 3 of the Shoals)

   Str:       It affects your strength (+4).
   rN:        It renders you almost immune to negative energy.
   Fly:       It grants you flight.
   *Slow:     It may slow you when you take damage.
 v - the cursed +2 pair of gloves of Ashenzari's Insecurity (worn) {Bglg, Elem}
   (You found it on level 6 of the Dungeon)

   It has a curse which improves the following skills: Beguiling: Conjurations,
   Hexes and Translocations.
   Elements:  Fire Magic, Ice Magic, Air Magic and Earth Magic.
 D - the cursed +2 cloak "Repose of Ashenzari" (worn) {Self, Elem}
   (You found it on level 9 of the Dungeon)

   It has a curse which improves the following skills: Introspection: Fighting
   and Spellcasting.
   Elements:  Fire Magic, Ice Magic, Air Magic and Earth Magic.
 J - the cursed +2 helmet "Share My Fortune-Teller" (worn) {Comp, Evo}
   (You found it on level 12 of the Dungeon)

   It has a curse which improves the following skills: Companions: Summonings
   and Necromancy.
   Evocations: Evocations.
 R - a +5 ring mail of fire resistance
Jewellery
 a - a ring of resist corrosion
 e - a ring of wizardry
 m - the cursed ring of the Ruined Welkin (left hand) {rF+, Elem, Alch}
   (You took it off a hobgoblin on level 3 of the Dungeon)

   [ring of protection from fire]

   rF:        It protects you from fire.
   It has a curse which improves the following skills: Elements: Fire Magic, Ice
   Magic, Air Magic and Earth Magic.
   Alchemy:   Poison Magic and Transmutations.
 y - the ring of Temptation (right hand) {rElec rPois Int+4}
   (You found it on level 4 of the Shoals)

   [ring of poison resistance]

   Int:       It affects your intelligence (+4).
   rElec:     It insulates you from electricity.
   rPois:     It protects you from poison.
 B - an amulet of guardian spirit
 C - a ring of willpower
 K - a +6 ring of intelligence
 S - the ring "Fosir" {AC+4 Slay+2}
   (You found it on level 1 of the Lair of Beasts)

   [ring of protection]

   AC:        It affects your AC (+4).
   Slay:      It affects your accuracy & damage with ranged weapons and melee
   (+2).
 Y - a ring of protection from cold
Wands
 b - a wand of mindburst (1)
 z - a wand of charming (2)
 N - a wand of digging (2)
Scrolls
 d - 11 scrolls of teleportation
 g - a scroll of magic mapping
 j - 2 scrolls of amnesia
 n - 9 scrolls of vulnerability
 o - a scroll of torment
 L - a scroll of silence
 X - 3 scrolls of poison
Potions
 h - 4 potions of brilliance
 k - 5 potions of mutation
 t - 4 potions of haste
 u - 5 potions of might
 w - 9 potions of curing
 x - a potion of berserk rage
 F - 6 potions of resistance
 G - a potion of magic
 H - 2 potions of cancellation
 I - 8 potions of flight
 M - a potion of ambrosia
 O - a potion of invisibility
Miscellaneous
 q - a phantom mirror


   Skills:
 + Level 13.3(14.9) Fighting
 - Level 2.6(9.4) Polearms
 - Level 13.8(14.0) Staves
 + Level 8.1 Armour
 - Level 9.4 Dodging
 + Level 8.4(10.1) Spellcasting
 + Level 12.8(14.4) Conjurations
 - Level 10.9(12.5) Necromancy
 + Level 6.4(8.1) Transmutations
 + Level 9.2(12.4) Fire Magic
 - Level 10.0(13.2) Earth Magic


You had 11 spell levels left.
You knew the following spells:

 Your Spells              Type           Power      Damage    Failure   Level
a - Kiss of Death         Conj/Necr      100%       2d13      1%          1
b - Hailstorm             Conj/Ice       49%        3d11      1%          3
c - Stone Arrow           Conj/Erth      100%       3d13      1%          3
d - Blink                 Tloc           26%        N/A       9%          2
e - Flame Wave            Conj/Fire      68%        2d15      1%          4
f - Statue Form           Tmut/Erth      40%        N/A       11%         6
g - Iron Shot             Conj/Erth      34%        9d7       3%          6

Your spell library contained the following spells:

 Spells                   Type           Power      Damage    Failure   Level
 Beastly Appendage        Tmut           100%       N/A       1%          1
 Necrotise                Necr           100%       1d9       1%          1
 Sandblast                Erth           100%       2d20      1%          1
 Momentum Strike          Conj/Tloc      98%        3d10      1%          2
 Passwall                 Tmut/Erth      50%        N/A       1%          2
 Wereblood                Tmut           52%        N/A       1%          2
 Ignite Poison            Fire/Tmut/Pois 47%        N/A       1%          3
 Inner Flame              Hex/Fire       44%        N/A       1%          3
 Vampiric Draining        Necr           66%        2d10      1%          3
 Petrify                  Tmut/Erth      60%        N/A       1%          4
 Sticky Flame             Conj/Fire      68%        2d8       1%          4
 Agony                    Necr           66%        N/A       1%          5
 Irradiate                Conj/Tmut      31%        3d22      1%          5
 Lee's Rapid Deconstruct  Erth           34%        3d17*     1%          5
 Spider Form              Tmut/Pois      33%        N/A       3%          3
 Animate Armour           Summ/Erth      92%        N/A       3%          4
 Leda's Liquefaction      Hex/Erth       23%        N/A       3%          4
 Anguish                  Hex/Necr       22%        N/A       4%          4
 Blade Hands              Tmut           26%        N/A       6%          5
 Ensorcelled Hibernation  Hex/Ice        28%        N/A       8%          2
 Call Canine Familiar     Summ           13%        N/A       16%         3
 Gell's Gravitas          Tloc           13%        N/A       16%         3
 Lesser Beckoning         Tloc           26%        N/A       16%         3
 Portal Projectile        Hex/Tloc       26%        N/A       16%         3
 Teleport Other           Tloc           13%        N/A       16%         3
 Cause Fear               Hex            6%         N/A       47%         4
 Metabolic Englaciation   Hex/Ice        7%         N/A       80%         5
 Dragon Form              Tmut           26%        N/A       87%         7
 Discord                  Hex            6%         N/A       100%        8
 Polar Vortex             Ice            7%         N/A       100%        9


Dungeon Overview and Level Annotations

Branches:
Dungeon (15/15)            Temple (1/1) D:4            Lair (5/5) D:10
 Shoals (4/4) Lair:2       Spider (0/4) Lair:2        Slime (0/5) Lair:4
    Orc (2/2) D:11            Elf (0/3) Orc:2        Vaults (1/5) D:14
 Depths (0/4) D:15         Bailey (visited)         Volcano (visited)

Altars:
Ashenzari
Cheibriados
Dithmenos
Fedhas
Gozag
Hepliaklqana
Kikubaaqudgha
Makhleb
Nemelex Xobeh
Okawaru
Qazlal
Ru
Sif Muna
Trog
Uskayaw
Vehumet
Wu Jian
Xom
Yredelemnul

Shops:
D:1 (:!:!   D:4 (   D:8 =[   D:9 *=   Orc:1 [   Orc:2 =?=[   Shoals:3 *
Shoals:4 (

Annotations:
Shoals:3 Polyphemus, Roxanne


Innate Abilities, Weirdness & Mutations

You have hooves in place of feet.
You are completely covered in rugged brown scales. (AC +3, +7% HP)
You sometimes emit foul miasma when damaged in melee.
Spells you cast may paralyse nearby enemies.


Message History

The vault guard hits you with a +3 long sword of holy wrath.
You convulse.
You closely miss the vault guard.
The vault guard is heavily wounded.
Your +9 spectral lajatang barely misses the vault guard.
You slash the vault guard!
The vault guard is severely wounded.
Your +9 spectral lajatang hits the vault guard!!
You kill the vault guard!
You swap places.
Things that are here:
a +3 long sword of holy wrath; a +0 chain mail You hear the brisk crackle of a very distant magical portal. 2 centaur warriors come into view.
The centaur warrior shouts! x2
A centaur warrior comes into view.
The centaur warrior wields a +0 shortbow.
The centaur warrior shoots an arrow.
The arrow barely misses you.
An ironbound thunderhulk comes into view.
It is wielding a +0 dire flail.
The ironbound thunderhulk shouts!
The centaur warrior wields a +0 longbow.
The centaur warrior shoots an arrow.
The arrow hits you!!
The centaur warrior shoots an arrow.
The arrow hits you!
* * * LOW HITPOINT WARNING * * *
Okay, then.
Okay, then.
You feel much better.
The centaur warrior shoots an arrow.
The arrow hits you.
The centaur warrior shoots an arrow.
The arrow hits you!
* * * LOW HITPOINT WARNING * * *
The centaur warrior wields a +0 shortbow.
The centaur warrior shoots an arrow.
The arrow hits you!
* * * LOW HITPOINT WARNING * * *
The centaur warrior shoots an arrow.
The arrow hits you but does no damage.
The centaur warrior shoots an arrow.
The arrow completely misses you.
The centaur warrior shoots an arrow.
The arrow barely misses you.
The centaur warrior shoots an arrow.
The arrow hits you!!
* * * LOW HITPOINT WARNING * * *
Electricity crackles from the ironbound thunderhulk's apparatus.
The bolt of lightning hits you! You resist.
You die...

#....#,,,,,,,,,*,,,,,
#....#,,,,,,,,,+,,,,,
#....#,,,,,,,,,+,,,,,
#....#,,,,,,,,,+,,,,,
#....#**********,,,,,
#....# *,,,,, #....#
****** #....#
#...@########********
#............,,,,,,,,
#........cO..,,,,,,,,
#........c...,,,,,,,,
#.......c....,,,,,,,,
#############********


You could see an ironbound thunderhulk and 3 centaur warriors.

Vanquished Creatures
  2 krakens (Shoals:3)
  Frances (D:12)
  Agnes (D:15)
  A vault warden (Vaults:1)
  An ironbound preserver (Vaults:1)
  A stone giant (D:15)
  Nessos (Lair:4)
  Azrael (D:13)
  7 dire elephants (Vaults:1)
  The ghost of Likado the Nimble, a journeyman DjCA of Ignis (Lair:1)
  Snorg (D:13)
  An ettin (Orc:2)
  A merfolk javelineer (Shoals:3)
  10 merfolk impalers
  Josephine (D:14)
  Erolcha (D:12)
  Fannar (D:12)
  4 vault guards
  2 alligator snapping turtles
  5 hydras
  A rakshasa (D:14)
  3 ogre magi
  6 satyrs
  5 centaur warriors
  16 two-headed ogres
  4 merfolk avatars
  5 boulder beetles
  4 death yaks
  Urug (Lair:3)
  2 sun demons (Shoals:4)
  A hell knight (Volcano)
  8 skeletal warriors
  A salamander mystic (Volcano)
  Lodul (D:10)
  4 deep trolls
  10 sea snakes
  2 lindwurms (Vaults:1)
  A wizard (Vaults:1)
  An ironbound convoker (Vaults:1)
  5 orc knights
  3 deep elf pyromancers
  16 harpies
  12 ugly things
  3 orc sorcerers
  6 cyclopes
  10 manticores
  6 salamanders (Volcano)
  23 fauns
  7 black mambas
  14 merfolk sirens
  6 elephants
  A vault sentinel (Vaults:1)
  6 water nymphs
  13 cane toads
  2 gargoyles
  2 efreet
  Maggie (D:7)
  An unseen horror (D:10)
  A yaktaur (D:14)
  4 rime drakes
  A freezing wraith (D:14)
  10 komodo dragons
  2 kobold demonologists
  20 merfolk
  14 trolls
  3 meliai (D:13)
  A wolf spider simulacrum (D:13)
  5 hornets
  4 wind drakes
  5 polar bears (Lair:5)
  7 snapping turtles
  14 dream sheep
  A centaur simulacrum (D:14)
  16 blink frogs
  13 spriggans (Lair:5)
  4 culicivoras (Lair:2)
  A spriggan (shapeshifter) (D:14)
  5 slime creatures (D:15)
  5 fire elementals
  21 yaks
  8 water elementals
  3 wyverns
  A vampire (D:12)
  3 shadows
  5 basilisks
  3 fire bats (Lair:1)
  5 wraiths
  2 steam dragons
  4 vampire mosquitoes
  2 wargs (Orc:1)
  2 acid dragons
  14 water moccasins
  3 hell hounds
  A meliai simulacrum (D:13)
  Duvessa (D:7)
  A sky beast (shapeshifter) (D:14)
  2 black bears
  3 ice beasts
  33 orc warriors
  16 wolves
  3 boggarts (Lair:5)
  34 ogres
  5 centaurs
  7 kobold brigands
  12 bullfrogs
  A necrophage (D:5)
  2 scorpions
  10 wights
  Dowan (D:7)
  8 killer bees (D:8)
  10 electric eels
  2 howler monkeys
  4 hounds
  3 jellies
  A gnoll bouda (D:6)
  13 orc priests
  Natasha (thrice) (D:3)
  An iguana (D:5)
  14 orc wizards
  4 hell rats (Lair:5)
  11 gnolls
  10 adders
  A shadow imp (D:7)
  2 white imps
  An ufetubus (D:7)
  A worm (shapeshifter) (D:12)
  3 dart slugs
  99 orcs
  9 endoplasms
  9 giant cockroaches
  7 goblins
  12 hobgoblins
  10 jackals
  6 quokkas
  9 ball pythons
  3 bats
  2 frilled lizards (D:2)
  26 kobolds
  4 rats
  A plant (Lair:3)
  9 tentacles (Shoals:3)
899 creatures vanquished.

Vanquished Creatures (collateral kills)
  A merfolk javelineer (Shoals:4)
  2 dream sheep (Lair:5)
3 creatures vanquished.

Vanquished Creatures (others)
  A sea snake (Shoals:4)
  2 polar bears (Lair:5)
  A snapping turtle (Shoals:4)
  An orc warrior (Orc:2)
  A white imp (D:8)
  2 orcs
  2 kobolds (D:14)
  38 fungi
  262 plants
  10 tentacles (Shoals:3)
320 creatures vanquished.

Grand Total: 1222 creatures vanquished

Notes
Turn   | Place    | Note
-------+----------+-------------------------------------------
     0 | D:1      | Shayle the Demonspawn Reaver began the quest for the Orb.
     0 | D:1      | Reached XP level 1. HP: 16/16 MP: 3/3
    42 | D:1      | Found Cocatoill's Weapon Emporium.
   197 | D:1      | Found Gioshoe's Distillery.
   199 | D:1      | Found Etzon's Book Shop.
   231 | D:1      | Found Ateiptum's Distillery.
   273 | D:1      | Found Amib's Book Emporium.
   593 | D:1      | Gained mutation: Spells you cast may paralyse adjacent
                  | enemies. [demonic ancestry]
   593 | D:1      | Reached XP level 2. HP: 14/22 MP: 5/5
   912 | D:2      | Reached skill level 1 in Necromancy
   917 | D:2      | Reached XP level 3. HP: 27/28 MP: 6/6
   948 | D:2      | Reached skill level 1 in Earth Magic
  1312 | D:2      | Gained mutation: You have large cloven feet. [demonic
                  | ancestry]
  1312 | D:2      | Reached XP level 4. HP: 11/34 MP: 7/7
  1615 | D:3      | Noticed Natasha
  1627 | D:3      | Killed Natasha
  1753 | D:3      | Noticed Natasha
  1770 | D:3      | Killed Natasha
  1942 | D:3      | Found a blossoming altar of Fedhas.
  2108 | D:3      | Noticed Natasha
  2120 | D:3      | Killed Natasha
  2121 | D:3      | Reached XP level 5. HP: 5/35 MP: 6/8
  2395 | D:3      | Found an opulent altar of Gozag.
  2884 | D:4      | Noticed an ogre
  2893 | D:4      | Killed an ogre
  2894 | D:4      | Reached XP level 6. HP: 10/47 MP: 9/9
  3285 | D:4      | Found a staircase to the Ecumenical Temple.
  3290 | D:4      | Found Cinoij's Weapon Boutique.
  3292 | Temple   | Entered the Ecumenical Temple
  3322 | Temple   | Became a worshipper of Ashenzari the Shackled
  3950 | D:4      | Identified the +0 robe "Wiroptua" {+Blink Fly}
  4050 | D:5      | Entered Level 5 of the Dungeon
  4262 | D:5      | Gained mutation: You are partially covered in rugged brown
                  | scales. (AC +1, +3% HP) [demonic ancestry]
  4262 | D:5      | Reached XP level 7. HP: 39/54 MP: 10/10
  4266 | D:5      | Reached skill level 1 in Staves
  4438 | D:5      | Identified the +8 short sword "Nuf Anubeq" {protect, Int+3}
  5108 | D:6      | Identified the +0 plate armour "Koscher" {rF+ Int+4 Slay+5}
  5175 | D:6      | Reached skill level 5 in Conjurations
  5175 | D:6      | Gained mutation: You have hoof-like feet. [demonic
                  | ancestry]
  5175 | D:6      | Reached XP level 8. HP: 62/62 MP: 11/11
  6204 | D:7      | Noticed Duvessa
  6218 | D:7      | Noticed Dowan
  6224 | D:7      | Killed Duvessa
  6225 | D:7      | Reached skill level 5 in Fighting
  6231 | D:7      | Noticed a two-headed ogre
  6234 | D:7      | Killed Dowan
  6362 | D:6      | Reached skill level 5 in Necromancy
  6773 | D:7      | Gained mutation: You have hooves in place of feet. [demonic
                  | ancestry]
  6773 | D:7      | Reached XP level 9. HP: 40/70 MP: 12/12
  6777 | D:7      | Learned a level 3 spell: Hailstorm
  6893 | D:7      | Learned a level 3 spell: Stone Arrow
  7410 | D:7      | Noticed Maggie
  7421 | D:7      | Killed Maggie
  7519 | D:7      | Reached skill level 5 in Dodging
  7805 | D:7      | Killed a two-headed ogre
  7806 | D:7      | Reached skill level 5 in Earth Magic
  8486 | D:8      | Reached XP level 10. HP: 72/78 MP: 13/13
  8505 | D:8      | Reached skill level 5 in Staves
  8536 | D:8      | Noticed a two-headed ogre
  8541 | D:8      | Killed a two-headed ogre
  8683 | D:8      | Found Omuomnat's Jewellery Shoppe.
  9158 | D:8      | Found Latucsir's Armour Shoppe.
  9404 | D:9      | Found a flagged portal.
  9421 | Bailey   | Entered a bailey
  9490 | Bailey   | Learned a level 2 spell: Blink
 10002 | D:9      | Found a shadowy altar of Dithmenos.
 10121 | D:9      | Found a sacrificial altar of Ru.
 10165 | D:9      | Found Fuliq's Assorted Antiques.
 10179 | D:9      | Bought 2 sedimented purple potions for 46 gold pieces
 10179 | D:9      | Bought a fuming amethyst potion for 23 gold pieces
 10179 | D:9      | Bought a scroll labelled KOINEO VATUTZ for 26 gold pieces
 10179 | D:9      | Bought a scroll labelled KOINEO VATUTZ for 26 gold pieces
 10179 | D:9      | Bought a murky green potion for 23 gold pieces
 10265 | D:9      | Found a bloodstained altar of Trog.
 10392 | D:9      | Found Miafer's Jewellery Shop.
 10564 | D:10     | Entered Level 10 of the Dungeon
 10676 | D:10     | Noticed a two-headed ogre
 10681 | D:10     | Killed a two-headed ogre
 10731 | D:10     | Gained mutation: You may rarely emit foul miasma when
                  | damaged in melee. [demonic ancestry]
 10731 | D:10     | Reached XP level 11. HP: 42/86 MP: 7/14
 10963 | D:10     | Noticed Lodul
 11332 | D:11     | Found a staircase to the Orcish Mines.
 11820 | D:12     | Noticed a boulder beetle
 12045 | D:10     | Found a staircase to the Lair.
 12057 | Lair:1   | Entered Level 1 of the Lair of Beasts
 12204 | Lair:1   | Found a runed translucent gate.
 12204 | Lair:1   | Found a runed translucent gate.
 12207 | Lair:1   | Found a runed translucent gate.
 12208 | Lair:1   | Noticed Likado's ghost (journeyman DjCA)
 12309 | Lair:1   | Found a dark tunnel.
 12319 | Volcano  | Entered a volcano
 12483 | Volcano  | Noticed a salamander mystic
 12489 | Volcano  | Killed a salamander mystic
 12560 | Volcano  | Found a burning altar of Makhleb.
 12845 | Volcano  | Noticed a hell knight
 12850 | Volcano  | Killed a hell knight
 13503 | Lair:1   | Gained mutation: You are mostly covered in rugged brown
                  | scales. (AC +2, +5% HP) [demonic ancestry]
 13503 | Lair:1   | Reached XP level 12. HP: 80/98 MP: 11/15
 13679 | Lair:1   | Identified the ring "Fosir" {AC+4 Slay+2}
 14417 | Lair:2   | Found a staircase to the Shoals.
 14944 | Lair:2   | Found a hole to the Spider Nest.
 15490 | Lair:3   | Noticed Urug
 15499 | Lair:3   | Killed Urug
 15863 | Lair:3   | Reached skill level 10 in Staves
 15943 | Lair:3   | Noticed a four-headed hydra
 15949 | Lair:3   | Killed a four-headed hydra
 15950 | Lair:3   | Reached skill level 1 in Fire Magic
 16633 | Lair:3   | Reached skill level 10 in Necromancy
 16738 | Lair:4   | Found a staircase to the Slime Pits.
 16741 | Lair:4   | Identified the ring "Deunniuj" {rPois Will+++ AC+4 Str-5
                  | Int+3}
 16889 | Lair:4   | Noticed Nessos
 16904 | Lair:3   | Learned a level 4 spell: Flame Wave
 17129 | Lair:4   | HP: 4/99 [Nessos/arrow (2)]
 17766 | D:10     | Killed Lodul
 17778 | D:10     | Reached XP level 13. HP: 49/106 MP: 14/16
 18636 | D:12     | Noticed Erolcha
 19382 | Lair:4   | Reached skill level 10 in Conjurations
 19467 | Lair:4   | Killed Nessos
 20240 | Lair:5   | Entered Level 5 of the Lair of Beasts
 20565 | Lair:5   | Reached skill level 10 in Fighting
 21153 | Lair:5   | Paralysed by a hornet for 2 turns
 21411 | Lair:5   | Reached * piety under Ashenzari
 21695 | Lair:5   | Reached skill level 1 in Armour
 21724 | Lair:5   | Gained mutation: You sometimes emit foul miasma when
                  | damaged in melee. [demonic ancestry]
 21724 | Lair:5   | Reached XP level 14. HP: 112/118 MP: 18/18
 22660 | D:12     | Noticed Fannar
 22668 | D:12     | Killed Fannar
 22669 | D:12     | Reached skill level 5 in Fire Magic
 22751 | D:12     | Noticed Frances
 22963 | Orc:1    | Entered Level 1 of the Orcish Mines
 22997 | Orc:2    | Entered Level 2 of the Orcish Mines
 23152 | Orc:2    | Paralysed by an orc sorcerer for 5 turns
 23248 | Orc:2    | Found a staircase to the Elven Halls.
 23683 | Orc:2    | Found Etiy's Jewellery Emporium.
 23689 | Orc:2    | Reached skill level 10 in Earth Magic
 23690 | Orc:2    | Found Quenkoar's Jewellery Shop.
 23695 | Orc:2    | Found Touru's Antique Armour Shoppe.
 23696 | Orc:2    | Found Iricuo's Magic Scroll Emporium.
 24052 | Orc:2    | Reached ** piety under Ashenzari
 24837 | Orc:1    | Found Genomenu's Antique Armour Emporium.
 24849 | Orc:1    | Bought a runed hat for 175 gold pieces
 25419 | Lair:1   | Killed Likado's ghost
 25742 | D:12     | Reached XP level 15. HP: 112/128 MP: 24/24
 25744 | D:12     | Killed Erolcha
 25903 | D:12     | Reached skill level 5 in Spellcasting
 26275 | D:13     | Noticed Snorg
 26618 | D:13     | Reached skill level 1 in Transmutations
 26700 | D:13     | Noticed Azrael
 26809 | D:12     | Killed Frances
 27015 | D:13     | Noticed Josephine
 27027 | D:14     | Killed Josephine
 27322 | D:14     | Reached skill level 5 in Armour
 27680 | D:14     | Found a gate to the Vaults.
 27728 | D:14     | Reached *** piety under Ashenzari
 27874 | D:15     | Entered Level 15 of the Dungeon
 29031 | D:13     | Killed Snorg
 29484 | D:13     | Learned a level 6 spell: Statue Form
 29637 | D:13     | Killed Azrael
 30158 | D:15     | Found a staircase to the Depths.
 30772 | D:15     | Noticed Agnes
 30777 | D:15     | Killed Agnes
 30821 | D:15     | Identified the cursed +2 pair of gloves of Ashenzari's
                  | Insecurity {Bglg, Elem} (You found it on level 6 of the
                  | Dungeon)
 31200 | Shoals:1 | Entered Level 1 of the Shoals
 31382 | Shoals:1 | Gained mutation: You are completely covered in rugged brown
                  | scales. (AC +3, +7% HP) [demonic ancestry]
 31382 | Shoals:1 | Reached XP level 16. HP: 131/141 MP: 21/28
 32716 | Shoals:1 | Upgraded the game from 0.30-a0-591-g3c58d2bc28 to
                  | 0.30-a0-596-g0af90f9a20
 33191 | Shoals:2 | Identified a scroll of acquirement
 33222 | Shoals:2 | Acquired a book of Transfigurations
 33920 | Shoals:3 | Identified the Spellbook of Baneful Hypothermia
 34011 | Shoals:3 | Noticed a kraken
 34024 | Shoals:3 | Killed a kraken
 34188 | Shoals:3 | Noticed Roxanne
 34848 | Shoals:3 | Noticed a kraken
 35046 | Shoals:3 | Killed a kraken
 35047 | Shoals:3 | Reached skill level 5 in Transmutations
 35255 | Shoals:3 | Found Xidoumid's Assorted Antiques.
 35669 | Shoals:3 | Noticed Polyphemus
 36347 | Shoals:4 | Entered Level 4 of the Shoals
 36455 | Shoals:4 | Learned a level 6 spell: Iron Shot
 37232 | Shoals:4 | Found Gooc's Book Shop.
 37315 | Shoals:3 | Bought a potion of heal wounds for 190 gold pieces
 37315 | Shoals:3 | Bought a fine cloak for 361 gold pieces
 37315 | Shoals:3 | Identified the +1 cloak of the Onion {*Slow Fly rN+++
                  | Str+4} (You bought it in a shop on level 3 of the Shoals)
 37560 | Lair:2   | Upgraded the game from 0.30-a0-596-g0af90f9a20 to
                  | 0.30-a0-629-gd54f4be4f7
 38043 | Shoals:4 | Found Ygarav's Weapon Emporium.
 38409 | Shoals:4 | Gained mutation: Spells you cast may paralyse nearby
                  | enemies. [demonic ancestry]
 38409 | Shoals:4 | Reached XP level 17. HP: 91/149 MP: 30/30
 38582 | Shoals:3 | Bought a scroll labelled COEGUPOFRUAFU for 38 gold pieces
 39175 | Shoals:4 | Identified the ring of Temptation {rElec rPois Int+4}
 39731 | Shoals:4 | Got a barnacled rune of Zot
 40571 | Vaults:1 | Entered Level 1 of the Vaults
 40838 | Vaults:1 | HP: 3/149 [centaur warrior/arrow (23)]
 40838 | Vaults:1 | Killed from afar by an ironbound thunderhulk

Illustrated notes

Levels and vault maps discovered:
D:1:      matt_arrival_diagonals, layout_rooms, serial_shops, shop,
          nicolae_shop_hallway_stairs, shop, shop, shop_fountains,
          serial_rivers, chequers_serial_rivers_room_a,
          chequers_serial_rivers_small_a, chequers_serial_rivers_small_b,
          chequers_serial_rivers_small_b, chequers_serial_rivers_small_3,
          chequers_serial_rivers_micro_a
D:2:      layout_rooms, serial_glass, glass_columns_b, glass_columns_c,
          minmay_worlds_worst_comb
D:3:      layout_loops_cross, mainiacjoe_overflow_alcove_1,
          grunt_temple_overflow_open, uniq_natasha
D:4:      layout_loops_ring, temple_fountains, serial_forest,
          infiniplex_forest_pool, infiniplex_forest_end_2,
          infiniplex_forest_zigzag_2, infiniplex_forest_split, serial_shops,
          nicolae_shop_trees, serial_bayou_pond_e, st_stairs_12,
          minmay_misc_feat_enclosed
D:5:      layout_basic, minmay_between
D:6:      layout_loops_corners
D:7:      layout_cave_pods, minmay_manual_moon, uniq_duvessa, uniq_maggie
D:8:      layout_basic, serial_shops, nicolae_stop_n_shop_2,
          serial_bayou_pond_b, kennysheep_small_circle
D:9:      layout_loops_cross, lemuel_coloured_pillars_altar, bloody_trog,
          mainiacjoe_overflow_two_lobes, serial_shops, nicolae_diamond_shop,
          kennysheep_mini_moat, enter_bailey_2
D:10:     layout_gridville, dpeg_oklobed_lair, uniq_lodul
D:11:     layout_long_grid, minmay_orc_entry_temple_small
D:12:     layout_loops_ring, kennysheep_small_square, uniq_frances,
          uniq_erolcha, uniq_fannar
D:13:     layout_cave_pools, serial_ice, serial_ice_h, serial_ice_i,
          serial_ice_m, serial_ice_b, minivault_14, uniq_snorg, uniq_josephine,
          uniq_azrael
D:14:     layout_basic, david_vaults_5, roderic_lattice_a
D:15:     grunt_enter_depths_giant_problem, layout_basic,
          minmay_tree_intersection, uniq_agnes
Temple:   eino_wide_crystal_templ
Lair:1:   layout_roguey, ebering_ghost_rock_garden,
          nicolae_volcano_entry_batcave, grunt_forest_small_clearings, pond
Lair:2:   layout_regular_city, minmay_shoals_entry_centaurs,
          hellmonk_spider_entry_life_and_decay, nicolae_quartered_pool_impasse
Lair:3:   layout_gridlike, uniq_urug
Lair:4:   layout_roguey, nicolae_slime_entry_slimehenge, lemuel_another_geyser,
          uniq_nessos
Lair:5:   minmay_lair_end_enchanted_forest, layout_small_grid, serial_forest,
          infiniplex_forest_3_way, infiniplex_forest_zigzag_2,
          infiniplex_forest_zigzag_2, infiniplex_forest_clump_diagonal,
          infiniplex_forest_corner_2, infiniplex_forest_end_1,
          infiniplex_forest_clump_medium, serial_bayou_ford_a
Shoals:1: layout_shoals
Shoals:2: layout_shoals
Shoals:3: layout_shoals, nicolae_take_the_stairs, ldierk_geyser,
          uniq_polyphemus, uniq_roxanne
Shoals:4: shoals_end_grunt_ice, layout_shoals, serial_shops,
          nicolae_diamond_shop, nicolae_shop_bloodbath_and_beyond,
          nicolae_shoals_sun_and_surf
Orc:1:    cheibrodos_orc_bank, layout_diamond_mine, basic_altar, serial_shops,
          nicolae_lakefront_shop
Orc:2:    st_orc_open, layout_caves, basic_altar
Vaults:1: lightli_enter_wizlab_magi_temple, v_misc_3, grunt_vaults_trifunnel,
          nicolae_vaults_network_barrier, v_misc_32, v_misc_16,
          nicolae_vaults_theta, nicolae_vaults_border_crossing,
          nicolae_vaults_gold_heap, layout_vaults_omnigrid, uniq_nikola

Skill      XL: |  1  2  3  4  5  6  7  8  9 10 11 12 13 14 15 16 17 |
---------------+----------------------------------------------------+-----
Dodging        | 2 3 4 5 6 7 8 9 |  9.4
Necromancy     | 1 2 3 4 5 6 7 9 10 | 10.9
Earth Magic    | 1 2 3 4 5 6 7 8 9 10 | 10.0
Fighting       | 3 4 5 6 7 8 9 10 11 12 13 | 13.3
Conjurations   | 4 5 6 7 8 9 10 11 12 | 12.8
Staves         | 2 3 4 6 8 10 11 12 13 | 13.8
Fire Magic     | 2 4 6 7 8 9 |  9.2
Armour         | 1 4 6 7 8 |  8.1
Spellcasting   | 4 6 7 8 |  8.4
Transmutations | 3 5 6 |  6.4
Polearms       | |  2.6

Action                   |  1- 3 |  4- 6 |  7- 9 | 10-12 | 13-15 | 16-18 || total
-------------------------+-------+-------+-------+-------+-------+-------++-------
Melee: Spear             |    21 |       |       |       |       |       ||    21
       Dagger            |    97 |   135 |       |       |       |       ||   232
       Punch             |     1 |     2 |       |       |     1 |       ||     4
       Kick              |       |    42 |    37 |    89 |   237 |   121 ||   526
       Lajatang          |       |    28 |   109 |   271 |   643 |   364 ||  1415
       Short sword       |       |       |    10 |       |     6 |       ||    16
       Broad axe         |       |       |       |       |     6 |       ||     6
Throw: Dart              |       |       |       |       |     8 |    20 ||    28
       Throwing net      |       |       |       |       |     2 |       ||     2
 Cast: Kiss of Death     |       |     1 |       |       |       |       ||     1
       Hailstorm         |       |       |    13 |    42 |    50 |    41 ||   146
       Stone Arrow       |       |       |    12 |    50 |    86 |       ||   148
       Flame Wave        |       |       |       |     2 |     9 |       ||    11
       Statue Form       |       |       |       |       |     1 |     6 ||     7
       Iron Shot         |       |       |       |       |       |    54 ||    54
       Blink             |       |       |       |       |       |     2 ||     2
Invok: Curse Item        |       |     1 |       |       |     3 |       ||     4
Evoke: Wand              |       |       |     4 |    11 |    30 |     9 ||    54
       Phantom mirror    |       |       |       |       |       |     1 ||     1
  Use: Potion            |     1 |     2 |       |     9 |     7 |     9 ||    28
       Scroll            |       |    10 |     2 |    20 |     7 |    12 ||    51
 Stab: Distracted        |       |       |     1 |     1 |    10 |     5 ||    17
       Paralysed         |       |       |       |       |       |     1 ||     1
Armor: Leather armour    |    35 |    29 |    24 |   102 |   278 |   186 ||   654
       Skin              |       |       |       |       |     1 |    59 ||    60
Dodge: Dodged            |    67 |   113 |    76 |   209 |   461 |   299 ||  1225

Table legend: (Time is in decaauts)
 A = Elapsed time spent in this place.
 B = Non-inter-level travel time spent in this place.
 C = Inter-level travel time spent in this place.
 D = Time resting spent in this place.
 E = Time spent auto-exploring this place.
 F = Levels seen in this place.
 G = Mean time per level.
                   A        B        C        D        E       F      G
               +--------+--------+--------+--------+--------+-----+--------+
         Total |  41301 |  38631 |   2670 |  12605 |  17620 |  30 | 1376.7 |
       Dungeon |  19582 |  18183 |   1399 |   4041 |  10586 |  15 | 1305.5 |
        Temple |     97 |     66 |     31 |      0 |     34 |   1 |   97.0 |
          Lair |   8115 |   7254 |    861 |   2236 |   3499 |   5 | 1623.0 |
        Shoals |   9492 |   9224 |    268 |   4779 |   2270 |   4 | 2373.0 |
  Orcish Mines |   2314 |   2204 |    110 |    522 |   1173 |   2 | 1157.0 |
        Vaults |    307 |    307 |      0 |     42 |      0 |   1 |  307.0 |
        Bailey |    540 |    540 |      0 |    333 |     19 |   1 |  540.0 |
       Volcano |    851 |    851 |      0 |    652 |     38 |   1 |  851.0 |
               +--------+--------+--------+--------+--------+-----+--------+

Top non-repeatable levels by time:
Shoals:3: 4206 daAuts
    D:12: 2446 daAuts
Shoals:4: 2043 daAuts
    D:14: 2029 daAuts
  Lair:5: 1906 daAuts
  Lair:3: 1879 daAuts
  Lair:1: 1871 daAuts
Shoals:2: 1849 daAuts
     D:6: 1515 daAuts
    D:10: 1486 daAuts
     D:7: 1443 daAuts
Shoals:1: 1393 daAuts
     D:4: 1375 daAuts
     D:8: 1321 daAuts
    D:15: 1290 daAuts
